 Dungeon Crawl Stone Soup version 0.23.1 (webtiles) character file.

Game seed: 0

116 esteth the Chopper (level 4, -1/40 HPs)
             Began as a Deep Dwarf Fighter on Mar 9, 2019.
             Slain by an ogre
             ... wielding a +0 giant club
              (6 damage)
             ... on level 4 of the Dungeon.
             The game lasted 00:04:37 (2269 turns).

esteth the Chopper (Deep Dwarf Fighter)             Turns: 2269, Time: 00:04:38

Health: -1/40      AC:  9    Str: 20    XL:     4   Next: 70%
Magic:  13/13 (4)  EV:  5    Int:  8    God:
Gold:   152        SH:  9    Dex: 13    Spells: 3/3 levels left

rFire    . . .     SeeInvis .   a - +0 war axe
rCold    . . .     Gourm    .   c - +0 shield
rNeg     . . .     Faith    .   p - +0 chain mail
rPois    .         Spirit   .   (no helmet)
rElec    .         Reflect  .   (no cloak)
rCorr    .         Harm     .   (no gloves)
MR       .....                  (no boots)
Stlth    ..........             (no amulet)
HPRegen  0.00/turn              r - ring of magical power
MPRegen  0.13/turn              (no ring)

@: non-regenerating
A: damage resistance, heal wounds, sense surroundings 1, no regeneration
a: Heal Wounds


You were on level 4 of the Dungeon.
You were not hungry.

You visited 1 branch of the dungeon, and saw 4 of its levels.

You collected 152 gold pieces.

Inventory:

Hand Weapons
 a - a +0 war axe (weapon)
Armour
 b - a +0 scale mail
 c - a +0 shield (worn)
 p - a +0 chain mail (worn)
Jewellery
 r - a ring of magical power (left hand)
Scrolls
 e - a scroll of teleportation {unknown}
 g - a scroll of remove curse
 h - a scroll of enchant armour {unknown}
 j - a scroll of fear {unknown}
 n - a scroll of identify
 o - a scroll of amnesia {unknown}
 q - a scroll of magic mapping {unknown}
Potions
 d - a potion of might
 i - a potion of heal wounds {unknown}
 k - a potion of haste {unknown}
 l - 2 potions of brilliance {unknown}
Comestibles
 f - 5 rations
 m - 2 chunks of flesh


   Skills:
 - Level 2.6 Fighting
 + Level 5.0 Axes
 - Level 3.2 Armour
 - Level 4.0 Shields


You had 3 spell levels left.
You didn't know any spells.
Your spell library was empty.

Dungeon Overview and Level Annotations

Branches:
Dungeon (4/15)
 Temple: D:4-7

Altars:

Annotations:
D:4 Robin


Innate Abilities, Weirdness & Mutations

You are resistant to damage.
You can heal yourself by infusing magical energy.
You passively map a small area around you.
You do not regenerate.


Message History

You are too injured to fight recklessly!
You are too injured to fight recklessly!
You are too injured to fight recklessly!
You are too injured to fight recklessly!
You are too injured to fight recklessly!
You are too injured to fight recklessly!
You are too injured to fight recklessly!
You are too injured to fight recklessly!
You are too injured to fight recklessly!
You are too injured to fight recklessly!
You are too injured to fight recklessly!
You hit the ogre but do no damage.
The ogre is lightly wounded.
You slash the goblin!
You kill the goblin!
Your Axes skill increases to level 5!
You slash Robin! You slash the goblin!
You kill the goblin!
You block Robin's attack. The ogre hits you with a +0 giant club!
You die...

, #.# , #.#
, #.# * *# *
*#.# .. ,
... ... #
#g# .. , *
#.##g##g#.##
#..)@g.g..(.
#..#O##.####
* #. #<#*,
#....?..#
##.#.####
#.#.. # ###
** *


You could see an ogre, Robin and 4 goblins.

Vanquished Creatures
  5 adders
  An ooze (D:2)
  2 dart slugs (D:2)
  2 leopard geckos (D:3)
  An orc (D:3)
  4 giant cockroaches
  9 goblins
  8 hobgoblins
  4 jackals (D:3)
  A quokka (D:3)
  5 bats
  3 frilled lizards
  6 kobolds
  7 rats
58 creatures vanquished.

Notes
Turn   | Place    | Note
-------+----------+-------------------------------------------
     0 | D:1      | esteth the Deep Dwarf Fighter began the quest for the Orb.
     0 | D:1      | Reached XP level 1. HP: 20/20 MP: 1/1
   335 | D:1      | Reached XP level 2. HP: 27/27 MP: 2/2
   691 | D:2      | Reached skill level 3 in Axes
   707 | D:2      | Reached XP level 3. HP: 30/33 MP: 3/3
  1413 | D:2      | Reached skill level 4 in Axes
  1554 | D:3      | Reached XP level 4. HP: 27/40 MP: 4/4
  2263 | D:4      | Noticed Robin
  2263 | D:4      | Noticed an ogre
  2269 | D:4      | Reached skill level 5 in Axes
  2269 | D:4      | Slain by an ogre

Skill      XL: |  1  2  3  4 |
---------------+-------------+-----
Axes           | 3 4 5 |  5.0
Shields        | 4 |  4.0
Fighting       | |  2.6
Armour         | |  3.2

Action                   |  1- 3 |  4- 6 || total
-------------------------+-------+-------++-------
Melee: War axe           |    90 |    45 ||   135
  Use: Scroll            |       |     2 ||     2
  Eat: Chunk             |     2 |     2 ||     4
Armor: Scale mail        |    40 |       ||    40
       Chain mail        |       |    40 ||    40
Dodge: Dodged            |    33 |    18 ||    51
Block: Shield            |    56 |    27 ||    83
